 Dungeon Crawl Stone Soup version 0.24.0-123-gd5b16e6ec5 (webtiles) character file.

Game seed: 11060870653903434614, levelgen mode: deterministic

2012 FishyPogo the Skirmisher (level 9, 0/71 HPs)
             Began as a Demonspawn Fire Elementalist on Jan 3, 2020.
             Was a Believer of Makhleb.
             Slain by a hippogriff (3 damage)
             ... on level 7 of the Dungeon.
             The game lasted 00:18:12 (7213 turns).

FishyPogo the Skirmisher (DsFE)                     Turns: 7213, Time: 00:18:13

Health: 0/71       AC: 14    Str: 11    XL:     9   Next: 2%
Magic:  13/13      EV: 14    Int: 19    God:    Makhleb [**....]
Gold:   510        SH:  0    Dex: 18    Spells: 3/14 levels left

rFire    . . .     SeeInvis .   a - +4 mace "Loopy" {crush, Int+2 Dex+4}
rCold    + . .     Gourm    .   (no shield)
rNeg     + . .     Faith    .   p - +2 robe {rN+}
rPois    .         Spirit   .   (helmet restricted)
rElec    .         Reflect  .   u - +1 cloak
rCorr    +         Harm     .   (no gloves)
MR       .....                  t - +2 pair of boots
Stlth    ++........             (no amulet)
HPRegen  0.21/turn              i - +2 ring of slaying
MPRegen  0.13/turn              y - ring of resist corrosion

@: starving
A: antennae 2, iridescent scales 2, cold resistance 1, demonic guardian 1,
freezing cloud immunity
a: Minor Destruction, Renounce Religion


You were on level 7 of the Dungeon.
You worshipped Makhleb.
Makhleb was pleased with you.
You were starving.

You visited 2 branches of the dungeon, and saw 8 of its levels.
You also visited: Ossuary.

You collected 510 gold pieces.

Inventory:

Hand Weapons
 a - the +4 mace "Loopy" (weapon) {crush, Int+2 Dex+4}
   (You found it on level 4 of the Dungeon)

   It inflicts extra damage upon your enemies.
   It affects your intelligence (+2).
   It affects your dexterity (+4).
 F - a +3 dagger
Missiles
 e - 185 stones (quivered)
 l - 3 boomerangs
 m - 6 javelins
 o - 9 poisoned darts
Armour
 p - a +2 robe of positive energy (worn)
 t - a +2 pair of boots (worn)
 u - a +1 cloak (worn)
Jewellery
 i - a +2 ring of slaying (left hand)
 r - an uncursed ring of positive energy
 y - a ring of resist corrosion (right hand)
 H - an uncursed ring of flight {unknown}
Wands
 x - a wand of random effects (25)
Scrolls
 d - a scroll of holy word {unknown}
 h - a scroll of magic mapping
 j - 3 scrolls of teleportation
 k - a scroll of fog
 n - a scroll of fear
 q - 4 scrolls of remove curse
 v - a scroll of amnesia
 w - 2 scrolls of enchant armour
 B - a scroll of identify
Potions
 b - 2 potions of might
 f - 2 potions of berserk rage {unknown}
 g - a potion of brilliance {unknown}
 s - a potion of flight {unknown}
 z - 3 potions of experience {unknown}
 A - a potion of curing {unknown}
 C - a potion of lignification
 D - 5 potions of heal wounds {unknown}
 E - 2 potions of haste {unknown}
 G - a potion of mutation {unknown}
Comestibles
 c - 20 rations


   Skills:
 + Level 6.8 Fighting
 - Level 3.0 Maces & Flails
 + Level 5.6 Armour
 + Level 3.3 Dodging
 - Level 2.0 Stealth
 + Level 3.2 Spellcasting
 - Level 3.0 Conjurations
 + Level 0.8 Charms
 + Level 1.0 Necromancy
 - Level 3.0 Fire Magic
 + Level 2.1 Invocations


You had 3 spell levels left.
You knew the following spells:

 Your Spells              Type           Power        Failure   Level  Hunger
a - Flame Tongue          Conj/Fire      ##...        4%          1    None
b - Throw Flame           Conj/Fire      ##....       6%          2    ##.....
c - Throw Frost           Conj/Ice       #.....       12%         2    ##.....
d - Regeneration          Chrm/Necr      #.........   30%         3    ###....
j - Conjure Flame         Conj/Fire      ##......     13%         3    ###....

Your spell library contained the following spells:

 Spells                   Type           Power        Failure   Level  Hunger
 Animate Skeleton         Necr           N/A          10%         1    None
 Pain                     Necr           #...         10%         1    None
 Freeze                   Ice            #...         16%         1    None
 Inner Flame              Hex/Fire       #.......     24%         3    ###....
 Vampiric Draining        Necr           #.........   28%         3    ###....
 Ozocubu's Armour         Chrm/Ice       #.......     36%         3    ###....
 Sticky Flame             Conj/Fire      ##......     38%         4    ####...
 Throw Icicle             Conj/Ice       #.......     63%         4    ####...
 Animate Dead             Necr           N/A          67%         4    ####...
 Fireball                 Conj/Fire      ##........   75%         5    ######.
 Summon Ice Beast         Ice/Summ       #.......     83%         4    ####...


Dungeon Overview and Level Annotations

Branches:
Dungeon (7/15)             Temple (1/1) D:4         Ossuary (visited)

Altars:
Ashenzari
Cheibriados
Dithmenos
Elyvilon
Fedhas
Gozag
Hepliaklqana
Kikubaaqudgha
Makhleb
Nemelex Xobeh
Okawaru
Qazlal
Sif Muna
Trog
Uskayaw
Vehumet
Wu Jian
Xom
Yredelemnul
Zin

Shops:
D:5 %

Annotations:
D:5 1 runed translucent door, kuniqs's ghost, novice DEWz


Innate Abilities, Weirdness & Mutations

You have a pair of antennae on your head.
You are mostly covered in iridescent scales. (AC +4)
Your flesh is cold resistant. (rC+)
A weak demonic guardian rushes to your aid.
You are immune to freezing clouds.


Message History

The hippogriff barely misses you.
The hippogriff pecks you but does no damage.
The hippogriff claws you but does no damage.
You hit the hippogriff.
The hippogriff is heavily wounded.
The hippogriff bites you!
* * * LOW HITPOINT WARNING * * *
The hippogriff closely misses you. The hippogriff claws you.
* * * LOW HITPOINT WARNING * * *
You hit the hippogriff.
The hippogriff is heavily wounded.
The hippogriff completely misses you. The hippogriff closely misses you.
The hippogriff claws you.
* * * LOW HITPOINT WARNING * * *
You sock the hippogriff!
The hippogriff is almost dead.
The hippogriff bites you but does no damage.
The hippogriff pecks you but does no damage.
The hippogriff claws you.
You die...

....## ###.## #... .#### #.
#....# #### .# ... #.#..#
'## #.# #.#..# ..## #.# .
.... ...## ###.# .#.#..##
....## ##.#.# #.#....#
.....####....########.....(#
.....'..........@H..(.......
.....####....####.###..?..#
....## #..#..# #.# .#.##
...## #.###.# #.# .. ..##
#.# .# #.# ## +## #.# .# #.#
#.. .. ..# ### .# ### .#


You could see a hippogriff.

Vanquished Creatures
  Grinder (D:4)
  A phantom (D:4)
  An ice beast (D:5)
  3 ogres
  2 centaurs
  A bullfrog (D:7)
  3 elf zombies (Ossuary)
  A scorpion (D:4)
  A howler monkey (D:5)
  2 crimson imps
  A bullfrog zombie (D:7)
  2 hounds
  Crazy Yiuf (D:4)
  3 centaur zombies (Ossuary)
  2 orc priests
  4 orc wizards
  Jessica (D:2)
  6 worker ants
  A big kobold zombie (Ossuary)
  A hound skeleton (D:5)
  2 mummies (Ossuary)
  9 adders
  2 adder zombies (Ossuary)
  3 worms
  4 leopard geckos
  6 orcs
  6 bats
  4 giant cockroaches
  5 goblins
  3 hobgoblins
  2 quokkas
  2 ball pythons
  A ball python skeleton (D:4)
  5 frilled lizards
  A giant cockroach zombie (D:5)
  7 hobgoblin zombies (Ossuary)
  3 jackal zombies (Ossuary)
  4 kobolds
  5 kobold zombies (Ossuary)
  A leopard gecko skeleton (D:5)
  12 orc zombies (Ossuary)
  3 rats
  A fungus (D:4)
129 creatures vanquished.

Vanquished Creatures (collateral kills)
  A hungry ghost (D:7)
  A bullfrog (D:6)
  A human zombie (Ossuary)
  2 orcs
5 creatures vanquished.

Grand Total: 134 creatures vanquished

Notes
Turn   | Place    | Note
-------+----------+-------------------------------------------
     0 | D:1      | FishyPogo the Demonspawn Fire Elementalist began the quest
                  | for the Orb.
     0 | D:1      | Reached XP level 1. HP: 13/13 MP: 3/3
   278 | D:1      | Gained mutation: A weak demonic guardian rushes to your
                  | aid. [demonic ancestry]
   278 | D:1      | Reached XP level 2. HP: 19/19 MP: 0/5
   287 | D:1      | Learned a level 2 spell: Throw Flame
   919 | D:2      | Gained mutation: You have a pair of small antennae on your
                  | head. [demonic ancestry]
   919 | D:2      | Reached XP level 3. HP: 24/24 MP: 0/6
   981 | D:2      | Noticed Jessica
  1074 | D:2      | Killed Jessica
  1074 | D:2      | Reached skill level 1 in Fighting
  1141 | D:2      | Reached skill level 1 in Armour
  1141 | D:2      | Gained mutation: You have a pair of antennae on your head.
                  | [demonic ancestry]
  1141 | D:2      | Reached XP level 4. HP: 32/32 MP: 4/7
  1960 | D:3      | Reached skill level 2 in Fighting
  2431 | D:3      | Reached XP level 5. HP: 40/40 MP: 5/8
  2447 | D:3      | Learned a level 3 spell: Conjure Flame
  2998 | D:4      | Reached skill level 3 in Fighting
  3351 | D:4      | Reached skill level 4 in Fighting
  3351 | D:4      | Gained mutation: You are partially covered in iridescent
                  | scales. (AC +2) [demonic ancestry]
  3351 | D:4      | Reached XP level 6. HP: 41/48 MP: 4/9
  3413 | D:4      | Noticed Grinder
  3429 | D:4      | Killed Grinder
  3429 | D:4      | Reached skill level 5 in Fighting
  3500 | D:4      | Found a staircase to the Ecumenical Temple.
  3510 | Temple   | Entered the Ecumenical Temple
  3713 | Temple   | Became a worshipper of Makhleb the Destroyer
  3757 | D:4      | Gained mutation: You are mostly covered in iridescent
                  | scales. (AC +4) [demonic ancestry]
  3757 | D:4      | Reached XP level 7. HP: 56/56 MP: 1/10
  4201 | D:4      | Found a runed translucent door.
  4203 | D:4      | Noticed Crazy Yiuf
  4218 | D:4      | Killed Crazy Yiuf
  4233 | D:4      | Got a scorched mace
  4236 | D:4      | Identified the +4 mace "Loopy" {crush, Int+2 Dex+4} (You
                  | found it on level 4 of the Dungeon)
  4466 | D:5      | Entered Level 5 of the Dungeon
  4485 | D:5      | Reached skill level 6 in Fighting
  4506 | D:5      | Reached skill level 1 in Maces & Flails
  4579 | D:5      | Found Zeusoh's Food Shop.
  4645 | D:5      | Found a shimmering altar of Xom.
  4998 | D:5      | Found a runed translucent door.
  5000 | D:5      | Noticed kuniqs's ghost (novice DEWz)
  5031 | D:5      | Learned a level 2 spell: Throw Frost
  5035 | D:5      | Gained mutation: Your flesh is cold resistant. (rC+)
                  | [demonic ancestry]
  5035 | D:5      | Reached XP level 8. HP: 64/64 MP: 2/11
  5419 | D:5      | Found a shimmering altar of Xom.
  5420 | D:5      | Found a shimmering altar of Xom.
  5421 | D:5      | Found a shimmering altar of Xom.
  5421 | D:5      | Found a shimmering altar of Xom.
  5586 | D:6      | Found a stormy altar of Qazlal.
  5595 | D:6      | Found a shattered altar of Ashenzari.
  5602 | D:6      | Found an iron altar of Okawaru.
  5655 | D:6      | Found a sand-covered staircase.
  5659 | Ossuary  | Entered an ossuary
  5684 | Ossuary  | Reached * piety under Makhleb
  5849 | Ossuary  | Reached skill level 5 in Armour
  5957 | Ossuary  | Reached ** piety under Makhleb
  6554 | D:7      | Reached skill level 1 in Invocations
  6576 | D:7      | Noticed a hippogriff
  7086 | D:7      | Learned a level 3 spell: Regeneration
  7154 | D:7      | Reached skill level 1 in Necromancy
  7154 | D:7      | Gained mutation: You are immune to freezing clouds.
                  | [demonic ancestry]
  7154 | D:7      | Reached XP level 9. HP: 27/71 MP: 9/13
  7212 | D:7      | HP: 3/71 [hippogriff (4)]
  7213 | D:7      | Slain by a hippogriff

Levels and vault maps discovered:
D:1:      dpeg_arrival_refuge, layout_loops_ring
D:2:      layout_basic, uniq_jessica
D:3:      layout_loops_corners
D:4:      layout_basic, minmay_temple_entry_offerings, serial_glass,
          glass_columns_a, glass_columns_b, uniq_crazy_yiuf_cottage,
          uniq_grinder
D:5:      layout_basic, ebering_ghost_inner_flame, serial_shops, shop,
          first_ration, xom_redecorated
D:6:      layout_layer_cave, minitemple, enter_ossuary_5
D:7:      layout_loops_corners, nicolae_ru_great_annihilating_truth,
          serial_shops, nicolae_shop_statue_plus,
          eino_small_chamber_without_monster, grunt_ogre_cave
Temple:   regret_index_temple_sphere_string

Skill      XL: |  1  2  3  4  5  6  7  8 |
---------------+-------------------------+-----
Dodging        | 2 3 |  3.3
Stealth        | 2 |  2.0
Conjurations   | 2 3 |  3.0
Fire Magic     | 3 |  3.0
Fighting       | 1 2 4 5 6 |  6.8
Armour         | 1 2 3 4 5 |  5.6
Maces & Flails | 2 3 |  3.0
Spellcasting   | 3 |  3.2
Invocations    | 2 |  2.1
Necromancy     | 1 |  1.0
Charms         | |  0.8

Action                   |  1- 3 |  4- 6 |  7- 9 || total
-------------------------+-------+-------+-------++-------
Melee: Unarmed           |    11 |       |       ||    11
       Short sword       |       |    33 |    23 ||    56
       Mace              |       |       |   191 ||   191
Throw: Stone             |       |     2 |     4 ||     6
 Cast: Flame Tongue      |    27 |    65 |    58 ||   150
       Throw Flame       |     9 |    13 |    15 ||    37
       Throw Frost       |       |       |     5 ||     5
Invok: Minor Destruction |       |       |     4 ||     4
  Use: Scroll            |       |       |     9 ||     9
 Stab: Distracted        |       |       |     2 ||     2
       Sleeping          |       |       |     1 ||     1
  Eat: Chunk             |     2 |     9 |     9 ||    20
       Ration            |       |       |     1 ||     1
Armor: Robe              |     1 |    21 |    92 ||   114
Dodge: Dodged            |     9 |    28 |   146 ||   183
